 Dungeon Crawl Stone Soup version 0.25-b1-46-gb8a1ec05df (webtiles) character file.

Game seed: 7707021078222010478

21357340 sentinel the Bringer of Light (level 27, 185/185 HPs)
             Began as a Gargoyle Fighter on June 11, 2020.
             Was the Champion of the Shining One.
             Escaped with the Orb
             ... and 15 runes!
             The game lasted 01:31:38 (71104 turns).

sentinel the Bringer of Light (Gargoyle Fighter)   Turns: 71104, Time: 01:31:39

Health: 185/185    AC: 68    Str: 24    XL:     27
Magic:  40/40      EV: 25    Int: 22    God:    the Shining One [******]
Gold:   3619       SH: 26    Dex: 19    Spells: 26/26 levels left

rFire    + + .     SeeInvis .   a - +9 broad axe (holy)
rCold    + . .     Gourm    .   B - +1 tower shield {rC+ rF+}
rNeg     + + +     Faith    .   T - +10 plate armour {rF+}
rPois    ∞         Spirit   .   g - +0 hat of the Pits of Slime {MR+ rCorr Dex+4 Slay+2}
rElec    +         Reflect  .   Q - +2 cloak {MR+}
rCorr    +         Harm     .   c - +2 pair of gloves {archery}
MR       ++++.                  F - +3 pair of boots of Xauz {*Drain Int+9}
Stlth    ..........             m - amulet "Juyteunu" {Regen+ Str+2}
HPRegen  0.80/turn              v - +4 ring of evasion
MPRegen  0.27/turn              j - ring "Qiyschius" {rPois Int+5 Slay+6}

@: flying, glowing
A: big wings, molten scales 1, rugged brown scales 1, dopey 1, frail 1, negative
energy resistance 1, sense surroundings 2, electricity resistance, weak 2,
unbreathing, petrification resistance, rot immunity, subdued magic 1, AC +20
0: Orb of Zot
}: 15/15 runes: barnacled, slimy, silver, golden, iron, obsidian, icy, bone,
abyssal, demonic, glowing, magical, fiery, dark, gossamer
a: Stop Flying, Divine Shield, Cleansing Flame, Summon Divine Warrior, Renounce
Religion


You escaped.
You worshipped the Shining One.
The Shining One was exalted by your worship.
You were near starving.

You visited 17 branches of the dungeon, and saw 87 of its levels.
You visited Pandemonium 2 times, and saw 19 of its levels.
You visited the Abyss 1 time.
You visited 2 bazaars.
You also visited: Gauntlet, Ice Cave, Volcano and Wizlab.

You collected 11161 gold pieces.
You spent 7542 gold pieces at shops.

Inventory:

Hand Weapons
 a - a +9 broad axe of holy wrath (weapon)
 b - the +8 broad axe of Forced Transition {vorpal, Int+2 Stlth+}
   (You acquired it on level 5 of the Vaults)

   It inflicts extra damage upon your enemies.
   It affects your intelligence (+2).
   It makes you more stealthy.
Missiles
 R - a curare-tipped dart (quivered)
Armour
 c - a +2 pair of gloves of archery (worn)
 g - the +0 hat of the Pits of Slime (worn) {MR+ rCorr Dex+4 Slay+2}
   (Okawaru gifted it to you on level 2 of the Pits of Slime)

   It affects your dexterity (+4).
   It affects your accuracy and damage with ranged weapons and melee attacks
   (+2).
   It affects your resistance to hostile enchantments.
   It provides partial protection from all sources of acid and corrosion.
 B - a +1 tower shield of resistance (worn)
 F - the +3 pair of boots of Xauz (worn) {*Drain Int+9}
   (Okawaru gifted it to you on level 13 of the Dungeon)

   It affects your intelligence (+9).
   It causes draining when unequipped.
 Q - a +2 cloak of magic resistance (worn)
 T - a +10 plate armour of fire resistance (worn)
Jewellery
 f - the ring "Cuaded" {Fire +Blink rElec MP+9 Int+4}
   (You acquired it on level 3 of the Realm of Zot)

   [ring of fire]

   It enhances your fire magic.
   It affects your intelligence (+4).
   It protects you from fire.
   It makes you vulnerable to cold.
   It insulates you from electricity.
   It affects your magic capacity (+9).
   It lets you blink.
 j - the ring "Qiyschius" (right hand) {rPois Int+5 Slay+6}
   (You found it on level 2 of the Spider Nest)

   [ring of poison resistance]

   It affects your intelligence (+5).
   It affects your accuracy and damage with ranged weapons and melee attacks
   (+6).
   It protects you from poison.
 m - the amulet "Juyteunu" (around neck) {Regen+ Str+2}
   (You acquired it in Pandemonium)

   [amulet of regeneration]

   It affects your strength (+2).
   It increases your rate of regeneration.
 o - an uncursed amulet of reflection
 v - a +4 ring of evasion (left hand)
 E - an uncursed amulet of regeneration
 H - an uncursed ring of protection from fire
 W - the ring of Hobopost {*Slow rN+++ rCorr Dex-4 Slay+2}
   (You bought it in a shop on level 2 of the Orcish Mines)

   [ring of resist corrosion]

   It affects your dexterity (-4).
   It affects your accuracy and damage with ranged weapons and melee attacks
   (+2).
   It renders you almost immune to negative energy.
   It provides partial protection from all sources of acid and corrosion.
   It may slow you when you take damage.
Wands
 A - a wand of acid (29)
 D - a wand of digging (2)
 I - a wand of iceblast (42)
 P - a wand of paralysis (37)
Scrolls
 r - 17 scrolls of identify
 s - 14 scrolls of fear
 t - 14 scrolls of teleportation
 z - 9 scrolls of blinking
 C - 4 scrolls of holy word
 G - 11 scrolls of immolation
 N - 2 scrolls of brand weapon
 S - 4 scrolls of summoning
Potions
 d - 2 potions of might
 h - 2 potions of haste
 i - 2 potions of magic
 l - 4 potions of ambrosia
 n - 5 potions of resistance
 q - 29 potions of curing
 w - 14 potions of heal wounds
 x - 8 potions of lignification
 J - 9 potions of berserk rage
 M - 4 potions of mutation
 Y - 2 potions of cancellation
Miscellaneous
 K - a tin of tremorstones (3/3)
Comestibles
 e - 68 rations


   Skills:
 O Level 27 Fighting
 - Level 18.0 Axes
 + Level 25.4 Armour
 + Level 20.0 Dodging
 - Level 22.0 Shields
 O Level 27 Invocations
 * Level 23.3 Evocations


You had 26 spell levels left.
You didn't know any spells.
Your spell library contained the following spells:

 Spells                   Type           Power        Failure   Level  Hunger
 Animate Skeleton         Necr           N/A          63%         1    ##.....
 Apportation              Tloc           #.....       63%         1    ##.....
 Beastly Appendage        Tmut           #.....       63%         1    ##.....
 Corona                   Hex            #......      63%         1    ##.....
 Freeze                   Ice            #...         63%         1    ##.....
 Infusion                 Chrm           #...         63%         1    ##.....
 Magic Dart               Conj           #...         63%         1    ##.....
 Pain                     Necr           #...         63%         1    ##.....
 Sandblast                Erth           #.....       63%         1    ##.....
 Shock                    Conj/Air       #...         63%         1    ##.....
 Sting                    Tmut/Pois      #...         63%         1    ##.....
 Summon Butterflies       Summ           #.......     63%         1    ##.....
 Summon Small Mammal      Summ           #...         63%         1    ##.....
 Call Imp                 Summ           #.......     78%         2    ###....
 Corpse Rot               Necr/Air       N/A          78%         2    ###....
 Ensorcelled Hibernation  Hex/Ice        #.....       78%         2    ###....
 Passwall                 Tmut/Erth      #.......     78%         2    ###....
 Poisonous Vapours        Pois/Air       #.....       78%         2    ###....
 Searing Ray              Conj           #.....       78%         2    ###....
 Shroud of Golubria       Chrm/Tloc      #.....       78%         2    ###....
 Song of Slaying          Chrm           #.......     78%         2    ###....
 Sticks to Snakes         Tmut           #.......     78%         2    ###....
 Swiftness                Chrm/Air       #.......     78%         2    ###....
 Call Canine Familiar     Summ           #.......     95%         3    ####...
 Confusing Touch          Hex            #.......     95%         3    ####...
 Dazzling Flash           Conj/Hex       #.....       95%         3    ####...
 Frozen Ramparts          Ice            #.....       95%         3    ####...
 Gell's Gravitas          Tloc           #.........   95%         3    ####...
 Ignite Poison            Fire/Tmut/Pois #.......     95%         3    ####...
 Lesser Beckoning         Tloc           #.........   95%         3    ####...
 Mephitic Cloud           Conj/Pois/Air  #.......     95%         3    ####...
 Ozocubu's Armour         Chrm/Ice       #.......     95%         3    ####...
 Recall                   Summ/Tloc      N/A          95%         3    ####...
 Spectral Weapon          Hex/Chrm       #.......     95%         3    ####...
 Spider Form              Tmut/Pois      #.........   95%         3    ####...
 Static Discharge         Conj/Air       #.......     95%         3    ####...
 Stone Arrow              Conj/Erth      #.....       95%         3    ####...
 Summon Guardian Golem    Hex/Summ       #.......     95%         3    ####...
 Teleport Other           Tloc           #.......     95%         3    ####...
 Tukima's Dance           Hex            #.......     95%         3    ####...
 Vampiric Draining        Necr           #.........   95%         3    ####...
 Airstrike                Air            #.........   100%        4    #####..
 Animate Dead             Necr           N/A          100%        4    #####..
 Cause Fear               Hex            #.........   100%        4    #####..
 Fulminant Prism          Conj/Hex       #.........   100%        4    #####..
 Hailstorm                Conj/Ice       #.......     100%        4    #####..
 Ice Form                 Ice/Tmut       #.......     100%        4    #####..
 Iskenderun's Mystic Bla  Conj/Tloc      #.......     100%        4    #####..
 Olgreb's Toxic Radiance  Pois           #.......     100%        4    #####..
 Petrify                  Tmut/Erth      #.......     100%        4    #####..
 Summon Ice Beast         Ice/Summ       #.......     100%        4    #####..
 Summon Lightning Spire   Summ/Air       #.......     100%        4    #####..
 Agony                    Necr           #.......     100%        5    ######.
 Alistair's Intoxication  Tmut/Pois      #.......     100%        5    ######.
 Aura of Abjuration       Summ           #.........   100%        5    ######.
 Blade Hands              Tmut           #.........   100%        5    ######.
 Bolt of Magma            Conj/Fire/Erth #.........   100%        5    ######.
 Borgnjor's Vile Clutch   Necr/Erth      #.........   100%        5    ######.
 Lee's Rapid Deconstruct  Erth           #.........   100%        5    ######.
 Lightning Bolt           Conj/Air       #.........   100%        5    ######.
 Metabolic Englaciation   Hex/Ice        #.........   100%        5    ######.
 Silence                  Hex/Air        #.........   100%        5    ######.
 Summon Forest            Summ/Tloc      #.........   100%        5    ######.
 Summon Mana Viper        Hex/Summ       #.......     100%        5    ######.
 Yara's Violent Unravell  Hex/Tmut       #.........   100%        5    ######.
 Darkness                 Hex            #.........   100%        6    #######
 Death Channel            Necr           #.........   100%        6    #######
 Eringya's Noxious Bog    Tmut/Pois      #.........   100%        6    #######
 Freezing Cloud           Conj/Ice/Air   #.........   100%        6    #######
 Hydra Form               Tmut           #.........   100%        6    #######
 Invisibility             Hex            #.......     100%        6    #######
 Ozocubu's Refrigeration  Ice            #.........   100%        6    #######
 Simulacrum               Ice/Necr       #.........   100%        6    #######
 Malign Gateway           Summ/Tloc      #.........   100%        7    #######
 Monstrous Menagerie      Summ           #.........   100%        7    #######
 Summon Greater Demon     Summ           #.........   100%        7    #######
 Summon Hydra             Summ           #.........   100%        7    #######
 Discord                  Hex            #.........   100%        8    #######
 Summon Horrible Things   Summ           #.........   100%        8    #######


Dungeon Overview and Level Annotations

Branches:
Dungeon (15/15)            Temple (1/1) D:4            Lair (6/6) D:8
 Shoals (4/4) Lair:3       Spider (4/4) Lair:4        Slime (5/5) Lair:6
    Orc (2/2) D:10            Elf (0/3) Orc:2        Vaults (5/5) D:13
  Crypt (3/3) Vaults:3       Tomb (3/3) Crypt:3      Depths (5/5) D:15
   Hell (visited)             Dis (7/7) Hell            Geh (7/7) Hell
    Coc (7/7) Hell            Tar (7/7) Hell            Zot (5/5) Depths:5
  IceCv (visited)         Volcano (visited)          WizLab (visited)
Gauntlet (visited)

Altars:
Ashenzari
Cheibriados
Dithmenos
Elyvilon
Fedhas
Gozag
Hepliaklqana
Kikubaaqudgha
Makhleb
Nemelex Xobeh
Okawaru
Qazlal
Ru
Sif Muna
Trog
Uskayaw
Vehumet
Wu Jian
Xom
Yredelemnul
Zin
The Shining One
Beogh

Shops:
D:12 *?   Orc:2 =**(   Shoals:1 *!%[   Shoals:3 [[(   Shoals:4 [   Vaults:2 *
Depths:3 !=[%   Depths:5 *

Portals:
Hell: Depths:1 Depths:4 Depths:5
Abyss: Depths:4
Pandemonium: Depths:3
Ziggurat: Depths:1

Annotations:
D:4 2 transporters
D:15 Roxanne
Shoals:2 exclusion: orange crystal statue
Shoals:3 1 runed translucent door, Glennnyy's ghost, adept GrFi
Crypt:1 4 transporters, exclusion: obsidian statue, Ulecsuczon's ghost, veteran MiGl
Crypt:2 Khufu
Depths:3 1 runed translucent door


Innate Abilities, Weirdness & Mutations

You are resistant to torment.
Your stone body is resilient. (AC +20)
You are immune to poison.
Your large and strong wings let you fly indefinitely.
You resist negative energy. (rN+)
You are resistant to electric shocks. (rElec)
You can survive without breathing.
You are immune to petrification.
You are immune to rotting.
You are partially covered in molten scales. (AC +2)
You are partially covered in rugged brown scales. (AC +1, +3% HP)
You are dopey. (Int -2)
You are frail. (-10% HP)
You passively map the area around you.
You are very weak. (Str -4)
Your spells are a little easier to cast, but a little less powerful.


Message History

The rakshasa closely misses you.
You hit the rakshasa.
The rakshasa convulses.
You slash the rakshasa!
The rakshasa convulses.
You barely miss the rakshasa.
You block the rakshasa's attack. x2; The rakshasa completely misses you.
You open the rakshasa like a pillowcase!!!
You kill the rakshasa!
The Shining One accepts your kill.
The rakshasa shimmers and vanishes! x2
No target in view!
No target in view!
No target in view!
No target in view!
No target in view!
No target in view!
(D) Dungeon (T) Temple (L) Lair (A) Shoals (N) Spider Nest (M) Slime Pits (O) Orcish Mines (E) Elven Halls (V) Vaults (C) Crypt (W) Tomb (U) Depths (H) Hell (I) Dis (G) Gehenna (X) Cocytus (Y) Tartarus (Z) Zot
Where to? (Enter - D:1 @ (x,y), ? - help)
You see here 18 stones.
There is a stone staircase leading up here.
You fly upwards.
There is a stone staircase leading down here.
There is a stone staircase leading up here.
You fly upwards.
There is a stone staircase leading down here.
A shadow demon comes into view.
The shadow demon gestures.
You slash the shadow demon!
The shadow demon convulses!
You slash the howler monkey zombie!
The howler monkey zombie convulses!
You slice the howler monkey zombie!!
You destroy the howler monkey zombie!
You slice the shadow demon!!
The shadow demon convulses!!
You kill the shadow demon!
The Shining One accepts your kill.
The hound skeleton dissolves into shadows!
No target in view!
No target in view!
No target in view!
No target in view!
No target in view!
(D) Dungeon (T) Temple (L) Lair (A) Shoals (N) Spider Nest (M) Slime Pits (O) Orcish Mines (E) Elven Halls (V) Vaults (C) Crypt (W) Tomb (U) Depths (H) Hell (I) Dis (G) Gehenna (X) Cocytus (Y) Tartarus (Z) Zot
Where to? (Enter - D:1 @ (x,y), ? - help)
You are feeling very hungry. 2 red devils, a balrug and a sun demon come into view.
The balrug is wielding a +0 vampiric demon whip.
The sun demon shouts!
There is a stone staircase leading up here.
You fly upwards.
There is a stone staircase leading down here.
(D) Dungeon (T) Temple (L) Lair (A) Shoals (N) Spider Nest (M) Slime Pits (O) Orcish Mines (E) Elven Halls (V) Vaults (C) Crypt (W) Tomb (U) Depths (H) Hell (I) Dis (G) Gehenna (X) Cocytus (Y) Tartarus (Z) Zot
Where to? (Enter - D:1 @ (x,y), ? - help)
There is a stone staircase leading up here.
You fly upwards.
There is a stone staircase leading down here.
There is a stone staircase leading up here.
You fly upwards.
There is a stone staircase leading down here.
There is an open door here.
A smoke demon comes into view.
There is a stone staircase leading up here.
You fly upwards.
There is a stone staircase leading down here.
(D) Dungeon (T) Temple (L) Lair (A) Shoals (N) Spider Nest (M) Slime Pits (O) Orcish Mines (E) Elven Halls (V) Vaults (C) Crypt (W) Tomb (U) Depths (H) Hell (I) Dis (G) Gehenna (X) Cocytus (Y) Tartarus (Z) Zot
Where to? (Enter - D:1 @ (x,y), ? - help)
Things that are here:
a +0 leather armour; a +0 club You see here a glowing trident.
There is a stone staircase leading up here.
You fly upwards.
There is a stone staircase leading down here.
There is an open door here.
An efreet comes into view.
It is wielding a +1 scimitar of flaming.
The efreet moves out of view.
(D) Dungeon (T) Temple (L) Lair (A) Shoals (N) Spider Nest (M) Slime Pits (O) Orcish Mines (E) Elven Halls (V) Vaults (C) Crypt (W) Tomb (U) Depths (H) Hell (I) Dis (G) Gehenna (X) Cocytus (Y) Tartarus (Z) Zot
Where to? (Enter - D:1 @ (x,y), ? - help)
There is a stone staircase leading up here.
You fly upwards.
Level annotation: 2 transporters
There is a stone staircase leading down here.
A rust devil comes into view.
You slash the rust devil!
The rust devil convulses!
You slash the rust devil!
The rust devil convulses.
You block the rust devil's attack.
You hit the rust devil.
The rust devil convulses.
You block the rust devil's attack.
You hit the rust devil.
The rust devil convulses.
You kill the rust devil!
The Shining One accepts your kill.
No target in view!
(D) Dungeon (T) Temple (L) Lair (A) Shoals (N) Spider Nest (M) Slime Pits (O) Orcish Mines (E) Elven Halls (V) Vaults (C) Crypt (W) Tomb (U) Depths (H) Hell (I) Dis (G) Gehenna (X) Cocytus (Y) Tartarus (Z) Zot
Where to? (Enter - D:1 @ (x,y), ? - help)
Items here: ))) [[[
There is a stone staircase leading up here.
You fly upwards.
There is a stone staircase leading down here.
A hellwing comes into view.
There is a stone staircase leading up here.
You fly upwards.
There is a stone staircase leading down here.
(D) Dungeon (T) Temple (L) Lair (A) Shoals (N) Spider Nest (M) Slime Pits (O) Orcish Mines (E) Elven Halls (V) Vaults (C) Crypt (W) Tomb (U) Depths (H) Hell (I) Dis (G) Gehenna (X) Cocytus (Y) Tartarus (Z) Zot
Where to? (Enter - D:1 @ (x,y), ? - help)
You are near starving!
There is a stone staircase leading up here.
You fly upwards.
There is a stone staircase leading down, spattered with blood here.
A chaos spawn comes into view.
You block the chaos spawn's attack.
You hit the chaos spawn.
The chaos spawn convulses!
You slice the chaos spawn like a ripe choko!!!
You kill the chaos spawn!
The Shining One accepts your kill.
The chaos spawn degenerates into a cloud of primal chaos!
No target in view!
No target in view!
No target in view!
No target in view!
No target in view!
No target in view!
No target in view!
Please select a direction to dig.
This square is lit by a halo and is covered in magical glow.
The rock shatters into small pieces.
There is a staircase leading out of the dungeon here.
You have escaped!

## #...#.###....##.# #.
##..##.###....##.#########
##...##.##......#..........
##...###.#.......##.########
#.....##....##....#.#
#.#........#####....#
#.#.........####....#
#.##..........#....##
######.#...###..@......##
.......##..# ##.......## ##
#.#######.## ###..#### ##.
#.#
#.##..#####.#.############.#
#.#
#.#....##......#..........##
#.#
#.###.##....###.######.###.#
#.# #.# #.##....#
#.##........#. #.# #.#
#(......###.##.###.##.#. #.#
#.# ##.##.......##.###.##.#.


There were no monsters in sight!

Vanquished Creatures
  Antaeus (Coc:7)
  Asmodeus (Geh:7)
  Dissolution (Slime:5)
  Ignacio (Pan)
  the Royal Jelly (Slime:5)
  Gloorx Vloq (Pan)
  Mnoleg (Pan)
  Lom Lobon (Pan)
  8 ancient liches
  An orb of fire (Zot:5)
  Mara (Depths:1)
  22 greater mummies
  Sojobo (Depths:1)
  12 shard shrikes
  3 Killer Klowns
  A curse toe (Zot:5)
  Geryon (Hell)
  7 golden dragons
  9 bone dragons
  7 doom hounds
  14 Tzitzimimeh
  15 Brimstone Fiends
  Arachne (Spider:4)
  An electric golem (Zot:5)
  Jorgrun (D:14)
  8 liches
  A hellephant (Hell)
  3 iron giants
  2 deep elf blademasters
  14 Orb Guardians
  13 Ice Fiends
  3 Hell Sentinels
  13 tentacled monstrosities
  18 titans
  3 quicksilver dragons
  20 acid blobs
  2 deep elf master archers (Depths:1)
  Asterion (Vaults:1)
  2 krakens
  Frances (Shoals:2)
  11 sphinxes
  Kirke (D:14)
  6 death cobs
  Gastronok (Orc:1)
  14 ancient champions
  Polyphemus (Shoals:3)
  3 tentacled starspawn (Abyss:2)
  26 Executioners
  2 pandemonium lords (Pan)
  2 storm dragons (shapeshifter) (Depths:4)
  18 fire giants
  15 tengu reavers
  5 storm dragons
  10 shadow dragons
  Ilsuiw (Shoals:2)
  14 azure jellies
  A revenant (Tomb:3)
  A draconian scorcher (Zot:1)
  3 deep elf sorcerers
  27 frost giants
  2 warmongers (Pan)
  10 ghost moths
  26 balrugs
  6 corrupters
  15 vault wardens
  4 emperor scorpions (Spider:4)
  12 cacodemons
  3 iron dragons
  A juggernaut zombie (Crypt:1)
  A ghost moth (shapeshifter) (Vaults:4)
  An angel (Pan)
  A draconian shifter (Depths:5)
  A ghoul (Crypt:3)
  2 draconian annihilators
  3 curse skulls
  28 very ugly things
  45 reapers
  31 stone giants
  14 ironheart preservers
  4 elemental wellsprings
  8 entropy weavers
  15 war gargoyles
  9 vampire knights
  5 white draconians
  10 bennus
  2 black suns
  5 green draconians
  4 black draconians
  4 deep elf demonologists
  12 spark wasps
  6 deep elf annihilators
  A dire elephant (Lair:6)
  Azrael (D:15)
  A minotaur (Gauntlet)
  5 red draconians
  A purple draconian (Crypt:1)
  5 yellow draconians
  17 lorocyprocas
  A deep elf death mage (Crypt:2)
  7 death oozes
  3 quicksilver dragon zombies
  9 green deaths (Pan)
  2 eidola
  11 ettins
  22 blizzard demons
  5 crystal guardians
  9 merfolk javelineers
  11 merfolk impalers
  23 mummy priests
  13 ogre magi
  A kraken zombie (Coc:4)
  6 rakshasas
  A deep elf high priest (Vaults:5)
  4 fire dragons
  17 great orbs of eyes
  A hell beast (Pan)
  30 vault guards
  19 yaktaur captains
  2 quicksilver dragon skeletons
  2 spriggan air magi
  21 ice dragons
  2 monstrous demonspawn (Pan)
  4 merfolk avatars
  A juggernaut simulacrum (Depths:1)
  8 catoblepae
  4 ghost crabs
  15 centaur warriors
  A two-headed ogre (shapeshifter) (Vaults:5)
  7 hydras
  Erica (Orc:1)
  12 dancing weapons
  32 two-headed ogres
  An alligator (Lair:5)
  4 death knights
  64 death scarabs
  7 deep troll shamans
  A death yak (shapeshifter) (Depths:4)
  7 merfolk aquamancers
  8 tengu warriors
  A queen ant (Spider:2)
  An alligator snapping turtle (Shoals:4)
  11 titan zombies
  2 satyrs (Shoals:4)
  4 thrashing horrors
  13 hell hogs
  20 death yaks
  9 deep troll earth magi
  4 orc high priests
  2 iron golems (Hell)
  41 sun demons
  A shock serpent (Depths:4)
  11 deep elf knights
  39 hell knights
  4 spriggan berserkers
  3 titan skeletons
  36 soul eaters
  6 storm dragon zombies
  139 skeletal warriors
  3 wretched stars (Abyss:4)
  2 salamander mystics (Depths:5)
  12 shadow wraiths
  A death drake (shapeshifter) (Depths:1)
  5 iron trolls
  A fire crab (Gauntlet)
  3 storm dragon skeletons
  10 sixfirhies (Pan)
  39 large abominations
  20 deep trolls
  2 golden dragon zombies
  9 flayed ghosts
  A death drake (Tar:4)
  A quicksilver dragon simulacrum (Coc:4)
  2 swamp dragons (Lair:5)
  4 unseen horrors
  4 glowing orange brains
  3 ghost moth zombies
  16 sea snakes
  18 shadow demons
  6 torturous demonspawn (Pan)
  14 anaconda zombies
  4 gelid demonspawn (Pan)
  A swamp dragon (shapeshifter) (Depths:4)
  2 starcursed masses (Abyss:3)
  4 infernal demonspawn (Pan)
  18 harpies
  10 wizards
  21 necromancers
  17 ironbrand convokers
  5 golden dragon skeletons
  3 shadow dragon skeletons
  13 deep elf archers
  Pikel (D:6)
  5 shadow dragon zombies
  7 phantasmal warriors
  A sphinx zombie (Crypt:2)
  22 orc knights
  4 anaconda skeletons
  11 cyclopes
  30 deep elf magi
  8 orc sorcerers
  An orb spider (shapeshifter) (Vaults:1)
  A lindwurm (Orc:2)
  14 orb spiders
  5 fauns
  5 iron dragon zombies
  4 stone giant zombies
  7 fire giant zombies
  22 wolf spiders
  5 frost giant zombies
  4 shining eyes
  4 iron dragon skeletons
  60 ugly things
  A mana viper (Depths:4)
  2 salamanders (shapeshifter)
  8 moths of wrath
  12 merfolk sirens
  10 stone giant skeletons
  A cyclops (shapeshifter) (D:15)
  A manticore (shapeshifter) (Vaults:2)
  15 manticores
  8 salamanders (Depths:5)
  8 frost giant skeletons
  3 black mambas
  A spriggan zombie (Depths:3)
  An elephant (shapeshifter) (D:15)
  A moth of wrath (shapeshifter) (Vaults:5)
  A shock serpent zombie (Geh:4)
  9 fire giant skeletons
  28 elephants
  6 dire elephant zombies
  5 toenail golems (Volcano)
  An apocalypse crab (Abyss:2)
  Joseph (D:10)
  A gargoyle (D:12)
  4 ice statues
  16 vault sentinels
  15 orange demons
  13 water nymphs
  18 molten gargoyles
  35 rust devils
  27 smoke demons
  A naga mage (Depths:4)
  2 water nymphs (shapeshifter)
  9 spiny frogs
  2 eyes of devastation
  2 shock serpent skeletons
  A torpor snail (Spider:4)
  6 centaur skeletons
  Maggie (D:6)
  2 dire elephant skeletons
  2 catoblepas zombies
  An elf zombie (Depths:1)
  29 tormentors
  A rime drake (shapeshifter) (D:15)
  19 hellions
  9 efreet
  7 komodo dragons
  An alligator snapping turtle skeleton (Crypt:1)
  A redback zombie (D:15)
  A spark wasp simulacrum (Depths:3)
  41 ice devils
  43 freezing wraiths
  A yellow draconian skeleton (Pan)
  18 demonic crawlers
  12 hellwings (Pan)
  3 harpy zombies
  6 anaconda simulacra
  26 guardian mummies
  A golden dragon simulacrum (Crypt:2)
  An ancient zyme (Abyss:4)
  A catoblepas skeleton (Crypt:1)
  2 queen bees
  44 red devils
  3 tengu conjurers
  A queen bee (shapeshifter) (Vaults:2)
  51 yaktaurs
  22 merfolk
  A polar bear (Lair:5)
  A white draconian skeleton (Crypt:1)
  2 meliai (shapeshifter)
  6 wind drakes
  A silent spectre (Tar:6)
  9 meliai
  11 trolls
  A troll (shapeshifter) (Vaults:5)
  16 hydra zombies
  24 jumping spiders
  14 hornets
  2 harpy skeletons (Geh:7)
  A shadow dragon simulacrum (Tomb:3)
  5 hydra skeletons
  3 raiju (Abyss:4)
  A wolf spider simulacrum (Coc:1)
  A death drake skeleton (Crypt:1)
  5 fire dragon zombies
  12 blink frogs (Lair:6)
  17 hippogriffs
  7 alligator zombies
  5 ice dragon zombies
  A dream sheep (shapeshifter) (Depths:4)
  6 ettin zombies
  9 dream sheep
  A hippogriff (shapeshifter) (Vaults:4)
  82 slime creatures
  8 bog bodies (Coc:7)
  25 shadows
  10 snapping turtles
  A satyr skeleton (Crypt:1)
  2 iron dragon simulacra
  A stone giant simulacrum (Vaults:2)
  10 ettin skeletons
  27 wraiths
  4 black mamba zombies
  Sigmund (D:2)
  4 fire dragon skeletons
  154 flying skulls
  8 vampires
  15 ynoxinuls
  4 spriggans
  25 tarantellas
  A redback (shapeshifter) (Vaults:1)
  60 redbacks
  A dire elephant simulacrum (Coc:1)
  38 yaks
  16 water elementals
  A black mamba skeleton (Pan)
  An alligator skeleton (Coc:3)
  15 ushabtiu
  6 ice dragon skeletons
  2 fire bats (shapeshifter) (D:15)
  5 golden eyes (Slime:5)
  A golden eye (shapeshifter) (Depths:1)
  A wyvern (Lair:3)
  A steam dragon (D:14)
  3 basilisks
  26 fire elementals
  4 fire bats (Gauntlet)
  2 hogs (D:14)
  12 chaos spawn
  9 neqoxecs
  7 hungry ghosts
  3 vampire mosquitoes
  Edmund (D:4)
  11 wargs
  An iron troll simulacrum (IceCv)
  A soldier ant (shapeshifter) (Vaults:4)
  2 two-headed ogre zombies (WizLab)
  An acid dragon (D:10)
  A merfolk zombie (Tar:6)
  3 swamp worms (Lair:5)
  53 hell hounds
  4 hydra simulacra
  26 soldier ants
  10 water moccasins
  11 spiny frog zombies
  A deep troll skeleton (Vaults:3)
  A floating eye (Slime:5)
  9 porcupines
  58 orc warriors
  6 sky beasts
  6 small abominations
  6 snapping turtle zombies
  5 spiny frog skeletons
  4 alligator simulacra
  10 ice beasts
  3 hornet zombies
  3 manticore zombies
  A slave (D:6)
  A black bear (Lair:6)
  3 human zombies
  24 necrophages
  3 ice dragon simulacra
  A black mamba simulacrum (Hell)
  31 ogres
  6 phantoms
  A wolf (shapeshifter) (D:13)
  6 eyes of draining
  A lindwurm zombie (Crypt:2)
  4 swamp dragon zombies
  20 centaurs
  3 swamp dragon skeletons
  10 wolves
  A torpor snail zombie (Crypt:1)
  18 boggarts
  2 manticore skeletons
  A tengu (shapeshifter) (D:15)
  7 snapping turtle skeletons
  14 crocodiles
  A hog skeleton (Crypt:1)
  4 big kobolds (D:13)
  A hippogriff zombie (Crypt:2)
  19 bullfrogs
  A gnoll sergeant (D:6)
  A draconian skeleton (Crypt:2)
  A water moccasin zombie (D:10)
  A wyvern skeleton (D:12)
  7 scorpions
  91 wights
  24 killer bees
  6 troll zombies (WizLab)
  2 electric eels
  4 howler monkeys
  14 crimson imps
  4 centaur zombies
  A bullfrog zombie (D:10)
  14 hounds
  5 quasits
  14 iron imps
  29 orc priests
  A human skeleton (Coc:2)
  3 jellies
  32 orc wizards
  4 bullfrog skeletons
  A black bear skeleton (Crypt:2)
  10 iguanas
  32 worker ants
  A naga zombie (Crypt:3)
  4 ogre zombies (WizLab)
  An ogre skeleton (Tar:6)
  A hound zombie (D:8)
  A naga skeleton (Crypt:2)
  44 mummies
  27 adders
  12 gnolls
  A howler monkey skeleton (D:9)
  12 shadow imps
  12 white imps
  An adder skeleton (D:6)
  A worm (D:4)
  3 ball lightnings (Pan)
  4 dart slugs
  5 leopard geckos
  110 orcs
  12 giant cockroaches
  4 goblins
  9 hobgoblins
  16 jackals
  12 kobolds
  3 quokkas
  A ball python (D:2)
  8 bats
  8 frilled lizards
  A jackal skeleton (D:4)
  A kobold skeleton (Geh:1)
  A leopard gecko skeleton (D:5)
  An orc skeleton (Geh:2)
  4 rats
  A spectral orc (D:8)
  A block of ice (Pan)
  2 fire vortices (Pan)
  4 fungi (Lair:6)
  12 plants
  2 starspawn tentacles (Abyss:2)
  5 tentacles
4394 creatures vanquished.

Vanquished Creatures (collateral kills)
  Ereshkigal (Tar:7)
  Dispater (Dis:7)
  An ancient lich (Zot:5)
  A Killer Klown (Zot:5)
  A Brimstone Fiend (Geh:7)
  2 Hell Sentinels (Dis:7)
  A titan (Pan)
  A lich (Pan)
  A quicksilver dragon (Dis:7)
  9 Orb Guardians (Zot:5)
  A death cob (Zot:5)
  A balrug (Geh:7)
  A reaper (Dis:7)
  2 very ugly things (Pan)
  2 war gargoyles (Dis:7)
  A yellow draconian (Zot:3)
  A red draconian (Zot:5)
  2 green deaths (Pan)
  7 blizzard demons
  A rakshasa (Pan)
  A hell beast (Dis:7)
  A titan zombie (Tar:7)
  2 skeletal warriors (Dis:7)
  2 sixfirhies (Pan)
  A glowing orange brain (Pan)
  A shadow demon (Tar:7)
  2 moths of wrath
  A rust devil (Dis:7)
  2 smoke demons (Pan)
  3 ice devils
  An ushabti (Tomb:3)
  A black mamba skeleton (Geh:7)
56 creatures vanquished.

Vanquished Creatures (others)
  Cerebov (Pan)
  A shard shrike (Coc:7)
  A Brimstone Fiend (Pan)
  An eldritch tentacle (Tomb:1)
  A balrug (Pan)
  2 draconian annihilators (Pan)
  2 elemental wellsprings
  2 blood saints (Pan)
  A reaper (Geh:7)
  A deep elf annihilator (Pan)
  2 blizzard demons (Pan)
  3 green deaths (Pan)
  A rakshasa (Pan)
  A spriggan air mage (Pan)
  2 ice dragons (Coc:7)
  An alligator (Lair:5)
  An ogre mage (D:15)
  A hell knight (Dis:7)
  A sixfirhy (Pan)
  2 glowing orange brains (Pan)
  An infernal demonspawn (Pan)
  2 wizards (Pan)
  An orb spider (Spider:3)
  A hellwing (Pan)
  A freezing wraith (D:15)
  A yaktaur (Depths:1)
  3 red devils (Pan)
  An ettin zombie (Geh:7)
  A hydra skeleton (Geh:7)
  A wraith (Geh:2)
  A water elemental (Coc:7)
  A vampire mosquito (D:15)
  A hell hound (Depths:5)
  A sky beast (D:14)
  A boggart (D:15)
  A centaur (Vaults:2)
  A crimson imp (Pan)
  A human zombie (Geh:4)
  A hound (D:6)
  A shadow imp (Tar:2)
  15 ball lightnings (Pan)
  5 orcs
  A ball python (D:6)
  11 fungi
  A lurking horror (Abyss:4)
  34 plants
  3 starspawn tentacles (Abyss:2)
  5 tentacles
  2 withered plants (Shoals:3)
128 creatures vanquished.

Grand Total: 4578 creatures vanquished

Notes
Turn   | Place    | Note
-------+----------+-------------------------------------------
     0 | D:1      | sentinel the Gargoyle Fighter began the quest for the Orb.
     0 | D:1      | Reached XP level 1. HP: 14/14 MP: 1/1
    84 | D:1      | Reached XP level 2. HP: 19/19 MP: 2/2
   258 | D:1      | Reached XP level 3. HP: 20/23 MP: 3/3
   822 | D:2      | Found a snail-covered altar of Cheibriados.
   824 | D:2      | Noticed Sigmund
   833 | D:2      | Killed Sigmund
   833 | D:2      | Reached XP level 4. HP: 28/29 MP: 4/4
   833 | D:2      | Reached XP level 5. HP: 32/33 MP: 5/5
   897 | D:2      | Reached XP level 6. HP: 37/38 MP: 6/6
  1708 | D:3      | Noticed a phantom
  1768 | D:3      | Found a faded altar of an unknown god.
  1788 | D:3      | Killed a phantom
  2181 | D:4      | Reached XP level 7. HP: 23/44 MP: 7/7
  2348 | D:4      | Found a transporter.
  2363 | D:4      | Reached skill level 5 in Fighting
  2363 | D:4      | Reached skill level 5 in Armour
  2363 | D:4      | Reached skill level 5 in Shields
  2410 | D:4      | Reached skill level 5 in Axes
  2760 | D:4      | Noticed Edmund
  2777 | D:4      | Killed Edmund
  2777 | D:4      | Reached XP level 8. HP: 43/50 MP: 8/8
  2887 | D:4      | Found a transporter.
  3107 | D:4      | Found a staircase to the Ecumenical Temple.
  3141 | D:4      | Found a stormy altar of Qazlal.
  3242 | D:5      | Entered Level 5 of the Dungeon
  3441 | D:5      | Found an ancient bone altar of Kikubaaqudgha.
  4318 | D:6      | Noticed Maggie
  4339 | D:6      | Killed Maggie
  4339 | D:6      | Reached XP level 9. HP: 22/56 MP: 9/9
  4568 | D:6      | Noticed Pikel
  4584 | D:6      | Killed Pikel
  5565 | D:7      | Reached XP level 10. HP: 53/63 MP: 8/10
  6054 | Temple   | Entered the Ecumenical Temple
  6245 | Temple   | Became a worshipper of Warmaster Okawaru
  6401 | D:8      | Found a staircase to the Lair.
  6412 | D:8      | Found an ornate altar of the Wu Jian Council.
  6484 | D:8      | Noticed a two-headed ogre
  6495 | D:8      | Killed a two-headed ogre
  6715 | D:8      | Found a burning altar of Makhleb.
  7016 | D:8      | Reached * piety under Okawaru
  7037 | D:8      | Found a sacrificial altar of Ru.
  7148 | D:8      | Found a basalt altar of Yredelemnul.
  7508 | D:9      | Found a shimmering blue altar of Sif Muna.
  7723 | D:9      | Noticed a two-headed ogre
  7735 | D:9      | Reached skill level 1 in Invocations
  7737 | D:9      | Killed a two-headed ogre
  7737 | D:9      | Reached ** piety under Okawaru
  7737 | D:9      | Reached skill level 1 in Dodging
  7791 | D:9      | Reached XP level 11. HP: 69/69 MP: 12/12
  7963 | D:10     | Entered Level 10 of the Dungeon
  8045 | D:10     | Noticed a two-headed ogre
  8053 | D:10     | Killed a two-headed ogre
  8053 | D:10     | Reached *** piety under Okawaru
  8511 | D:10     | Reached skill level 10 in Axes
  8579 | D:10     | Received a gift from Okawaru
  8625 | D:10     | Noticed Joseph
  8652 | D:10     | Killed Joseph
  8689 | D:10     | Found a staircase to the Orcish Mines.
  9117 | D:11     | Noticed a cyclops
  9132 | D:11     | Killed a cyclops
  9132 | D:11     | Reached **** piety under Okawaru
  9637 | D:11     | Noticed a cyclops
  9647 | D:11     | Killed a cyclops
  9970 | D:12     | Noticed a two-headed ogre
  9975 | D:12     | Killed a two-headed ogre
 10009 | D:12     | Noticed a white ugly thing
 10036 | D:12     | Killed a white ugly thing
 10059 | D:12     | Reached XP level 12. HP: 74/76 MP: 15/15
 10265 | D:12     | Reached skill level 1 in Evocations
 10336 | D:12     | Found Utic's General Store.
 10347 | D:12     | Bought a potion of berserk rage for 85 gold pieces
 10385 | D:12     | Found Zata's Magic Scroll Boutique.
 10391 | D:12     | Bought a scroll of fear for 49 gold pieces
 10391 | D:12     | Bought a scroll of identify for 28 gold pieces
 10391 | D:12     | Bought a scroll of teleportation for 42 gold pieces
 10391 | D:12     | Bought a scroll of teleportation for 42 gold pieces
 10391 | D:12     | Bought a scroll of teleportation for 42 gold pieces
 10391 | D:12     | Bought a scroll of fog for 28 gold pieces
 10391 | D:12     | Bought 2 scrolls of identify for 56 gold pieces
 10632 | D:13     | Noticed a centaur warrior
 10634 | D:13     | Noticed a fire dragon
 10650 | D:13     | Killed a centaur warrior
 10650 | D:13     | Reached ***** piety under Okawaru
 10675 | D:13     | Killed a fire dragon
 10675 | D:13     | Received a gift from Okawaru
 10680 | D:13     | Reached skill level 5 in Invocations
 10682 | D:13     | Noticed a catoblepas
 10701 | D:13     | Killed a catoblepas
 10721 | D:13     | Noticed a centaur warrior
 10726 | D:13     | Reached skill level 10 in Shields
 10742 | D:13     | Killed a centaur warrior
 10756 | D:13     | Reached skill level 10 in Fighting
 10774 | D:13     | Reached skill level 10 in Armour
 10866 | D:13     | Noticed a seven-headed hydra
 10872 | D:13     | Killed a five-headed hydra
 10911 | D:13     | Noticed a centaur warrior
 10921 | D:13     | Killed a centaur warrior
 10921 | D:13     | Received a gift from Okawaru
 10921 | D:13     | Reached XP level 13. HP: 41/82 MP: 17/17
 11016 | D:13     | Identified the amulet of Camoih {Spirit Fragile +Inv rF++
                  | Str+3}
 11098 | D:13     | Identified the ring of Quowe {*Tele Str+4}
 11161 | D:13     | Received a gift from Okawaru
 11173 | D:13     | Got a pair of pitted boots {god gift}
 11461 | D:13     | Reached skill level 5 in Dodging
 11704 | D:13     | Identified a ring of the Octopus King {rN+ AC+1 EV+1 Str+1
                  | Int+1 Dex+1}
 12151 | D:13     | Noticed a fire dragon
 12160 | D:13     | Killed a fire dragon
 12416 | D:13     | Received a gift from Okawaru
 12417 | D:13     | Noticed an ogre mage
 12439 | D:13     | Killed an ogre mage
 12457 | D:13     | Gained mutation: Your large and strong wings let you fly
                  | indefinitely. [Gargoyle growth]
 12457 | D:13     | Reached XP level 14. HP: 74/88 MP: 10/19
 12603 | D:13     | Found a gate to the Vaults.
 12748 | D:13     | Identified the +3 pair of boots of Xauz {*Drain Int+9}
                  | (Okawaru gifted it to you on level 13 of the Dungeon)
 13235 | D:14     | Noticed Kirke
 13258 | D:14     | Killed Kirke
 13258 | D:14     | Reached skill level 5 in Evocations
 13311 | D:14     | Noticed Jorgrun
 13423 | Lair:1   | Entered Level 1 of the Lair of Beasts
 15183 | Lair:3   | Reached ****** piety under Okawaru
 15183 | Lair:3   | Received a gift from Okawaru
 15184 | Lair:3   | Got a smoking hand axe {god gift}
 15497 | Lair:3   | Found a staircase to the Shoals.
 15801 | Lair:4   | Found a hole to the Spider Nest.
 16346 | Lair:4   | Received a gift from Okawaru
 16346 | Lair:4   | Reached XP level 15. HP: 69/96 MP: 14/21
 16887 | Lair:5   | Found a gate leading to a gauntlet.
 16936 | Gauntlet | Entered a Gauntlet
 16936 | Gauntlet | Found a transporter.
 16936 | Gauntlet | Found a transporter.
 16940 | Gauntlet | Found a transporter.
 16954 | Gauntlet | Found a transporter.
 16959 | Gauntlet | Found a transporter.
 16960 | Gauntlet | Found a large runed translucent door.
 16961 | Gauntlet | Found a large runed translucent door.
 16962 | Gauntlet | Found a large runed translucent door.
 16962 | Gauntlet | Found a large runed translucent door.
 16963 | Gauntlet | Found a runed translucent gate.
 16964 | Gauntlet | Found a large runed translucent door.
 16964 | Gauntlet | Found a large runed translucent door.
 16964 | Gauntlet | Found a runed translucent door.
 16964 | Gauntlet | Found a transporter.
 16964 | Gauntlet | Found a runed translucent gate.
 16964 | Gauntlet | Found a transporter.
 16965 | Gauntlet | Found a large runed translucent door.
 16965 | Gauntlet | Found a runed translucent gate.
 16965 | Gauntlet | Found a runed translucent door.
 16966 | Gauntlet | Found a large runed translucent door.
 16968 | Gauntlet | Found a transporter.
 16973 | Gauntlet | Found a large runed translucent door.
 16973 | Gauntlet | Found a large runed translucent door.
 16974 | Gauntlet | Found a large runed translucent door.
 16975 | Gauntlet | Found a large runed translucent door.
 16984 | Gauntlet | Found a large runed translucent door.
 16984 | Gauntlet | Found a large runed translucent door.
 16985 | Gauntlet | Found a large runed translucent door.
 17002 | Gauntlet | Found a transporter.
 17011 | Gauntlet | Found a transporter.
 17020 | Gauntlet | Found a transporter.
 17067 | Gauntlet | Found a transporter.
 17081 | Gauntlet | Found a transporter.
 17166 | Gauntlet | Found a transporter.
 17181 | Gauntlet | Found a transporter.
 17197 | Gauntlet | Found a transporter.
 17213 | Gauntlet | Found a large runed translucent door.
 17380 | Gauntlet | Got a pair of masterwork boots
 17411 | Gauntlet | Identified the -7 pair of boots "Etose" {MR+ Str+3 Dex+3}
                  | (You found it in a Gauntlet)
 17464 | Gauntlet | Got a wavering wooden ring
 17479 | Gauntlet | Identified the ring of Kaul {rElec MP+9} (You found it in a
                  | Gauntlet)
 17545 | Lair:5   | You are sucked into a shaft and drop 1 floor!
 17545 | Lair:6   | Entered Level 6 of the Lair of Beasts
 17660 | Lair:5   | Received a gift from Okawaru
 18277 | Lair:5   | Got a jewelled chain mail
 18391 | Lair:5   | Identified the +5 chain mail of Jaiga {rF- MP+9 Str-3
                  | Stlth+} (You found it on level 5 of the Lair of Beasts)
 18574 | Lair:6   | Found a staircase to the Slime Pits.
 19331 | Lair:6   | Reached XP level 16. HP: 102/102 MP: 23/23
 19508 | Lair:6   | Received a gift from Okawaru
 19738 | Lair:6   | Identified a scroll of acquirement
 19993 | Orc:1    | Entered Level 1 of the Orcish Mines
 19993 | Orc:1    | Noticed Erica
 20015 | Orc:1    | Killed Erica
 20171 | Orc:2    | Entered Level 2 of the Orcish Mines
 20218 | Orc:2    | Found a dark tunnel.
 20227 | Volcano  | Entered a volcano
 20578 | Orc:2    | Found a staircase to the Elven Halls.
 20805 | Orc:2    | Reached skill level 10 in Invocations
 21145 | Orc:2    | Found Wauthil's Jewellery Boutique.
 21145 | Orc:2    | Found Kiatoxzu's Assorted Antiques.
 21158 | Orc:2    | Found Ukeem Beyn's General Store.
 21158 | Orc:2    | Found Zulais's Weapon Emporium.
 21166 | Orc:2    | Bought a potion of curing for 51 gold pieces
 21166 | Orc:2    | Bought a scroll of identify for 34 gold pieces
 21166 | Orc:2    | Bought a scroll of fog for 34 gold pieces
 21166 | Orc:2    | Bought a potion of resistance for 170 gold pieces
 21166 | Orc:2    | Bought a scroll of blinking for 127 gold pieces
 21166 | Orc:2    | Bought a scroll of enchant weapon for 127 gold pieces
 21170 | Orc:2    | Bought a scratched wooden ring for 160 gold pieces
 21170 | Orc:2    | Bought 2 potions of curing for 192 gold pieces
 21170 | Orc:2    | Bought a scroll labeled GEUPPOCKU for 32 gold pieces
 21170 | Orc:2    | Bought a scroll of teleportation for 96 gold pieces
 21170 | Orc:2    | Bought a potion of curing for 96 gold pieces
 21170 | Orc:2    | Bought a scroll of blinking for 240 gold pieces
 21170 | Orc:2    | Bought 3 scrolls of teleportation for 288 gold pieces
 21471 | Orc:1    | Received a gift from Okawaru
 21484 | Orc:1    | Noticed Gastronok
 21501 | Orc:1    | Killed Gastronok
 22275 | Orc:2    | Bought the ring of Hobopost {*Slow rN+++ rCorr Dex-4
                  | Slay+2} for 508 gold pieces
 22280 | Orc:2    | Bought a +4 ring of evasion for 432 gold pieces
 22563 | D:14     | Found a roughly hewn altar of Beogh.
 22754 | D:14     | Killed Jorgrun
 22908 | D:14     | Got a distressingly furry leather armour
 23024 | D:15     | Entered Level 15 of the Dungeon
 23027 | D:15     | Noticed Azrael
 23032 | D:15     | Received a gift from Okawaru
 23055 | D:15     | Killed Azrael
 23068 | D:15     | Received a gift from Okawaru
 23084 | D:15     | Reached XP level 17. HP: 55/108 MP: 13/24
 23791 | D:15     | Identified Roxanne's Catalogue of the Mountains
 23791 | D:15     | Noticed Roxanne
 23801 | D:15     | Reached skill level 15 in Axes
 23937 | D:15     | Found a staircase to the Depths.
 24470 | Spider:1 | Entered Level 1 of the Spider Nest
 24472 | Spider:1 | Got a warped helmet
 24483 | Spider:1 | Identified the +1 helmet of Wukiboedd {rPois MR+ MP+9} (You
                  | found it on level 1 of the Spider Nest)
 25127 | Spider:2 | Found a frozen archway.
 25133 | Spider:2 | Received a gift from Okawaru
 25136 | Spider:2 | Got a smoking ring mail {god gift}
 25157 | IceCv    | Entered an ice cave
 25424 | IceCv    | Noticed an Ice Fiend
 25434 | IceCv    | Killed an Ice Fiend
 25713 | Spider:2 | Identified the +3 ring mail of Ighaanuh {rPois rF- Regen+
                  | Str+5} (Okawaru gifted it to you on level 2 of the Spider
                  | Nest)
 25752 | Spider:2 | You are sucked into a shaft and drop 1 floor!
 26672 | Spider:4 | Entered Level 4 of the Spider Nest
 26935 | Spider:4 | Reached XP level 18. HP: 112/116 MP: 25/25
 27076 | Spider:4 | Received a gift from Okawaru
 27223 | Spider:4 | Noticed Arachne
 27557 | Spider:4 | Received a gift from Okawaru
 27588 | Spider:4 | Killed Arachne
 27793 | Spider:4 | Got a gossamer rune of Zot
 28358 | Spider:2 | Got a crude lapis lazuli ring
 28360 | Spider:2 | Identified the ring "Qiyschius" {rPois Int+5 Slay+6} (You
                  | found it on level 2 of the Spider Nest)
 28578 | Shoals:1 | Entered Level 1 of the Shoals
 28579 | Shoals:1 | Found Oho Fodo's Food Emporium.
 28801 | Shoals:1 | Found Ivaery's Distillery.
 28826 | Shoals:1 | Bought a potion of experience for 600 gold pieces
 28826 | Shoals:1 | Bought a potion of curing for 36 gold pieces
 28826 | Shoals:1 | Bought a potion of curing for 36 gold pieces
 28826 | Shoals:1 | Bought 2 potions of heal wounds for 120 gold pieces
 28826 | Shoals:1 | Bought 3 potions of curing for 108 gold pieces
 28826 | Shoals:1 | Bought a potion of haste for 120 gold pieces
 28826 | Shoals:1 | Bought a potion of heal wounds for 60 gold pieces
 28826 | Shoals:1 | Reached XP level 19. HP: 121/121 MP: 26/26
 28891 | Shoals:1 | Got a scorched hunting sling
 29027 | Shoals:1 | Found Hil Neuj's Assorted Antiques.
 29090 | Shoals:1 | Bought a green potion for 35 gold pieces
 29090 | Shoals:1 | Bought a thin fluorescent amulet for 195 gold pieces
 29090 | Shoals:1 | Bought a wand of iceblast (11) for 156 gold pieces
 29090 | Shoals:1 | Bought a scroll labeled GEATATSOIHI for 39 gold pieces
 29264 | Shoals:1 | Found Hawoasarph's Antique Armour Shoppe.
 29791 | Shoals:2 | Noticed Frances
 29806 | Shoals:2 | Killed Frances
 29852 | Shoals:2 | Reached skill level 10 in Evocations
 30090 | Shoals:2 | Noticed Ilsuiw
 30117 | Shoals:2 | Killed Ilsuiw
 30122 | Shoals:2 | Reached XP level 20. HP: 100/128 MP: 18/27
 30446 | Shoals:2 | Reached skill level 10 in Dodging
 30466 | Shoals:2 | Got an ivory rapier
 30780 | Shoals:3 | Found a flickering gateway to a bazaar.
 30788 | Bazaar   | Entered a bazaar
 30790 | Bazaar   | Found Puramn's Magic Scroll Boutique.
 30794 | Bazaar   | Bought a scroll of identify for 16 gold pieces
 30797 | Bazaar   | Found Ronluk's Antique Weapon Boutique.
 30797 | Bazaar   | Found Rixyesap's Jewellery Boutique.
 30798 | Bazaar   | Found Otoykkuf's Jewellery Boutique.
 30821 | Bazaar   | Bought the ring of Nenafrat {+Fly rC+} for 252 gold pieces
 30826 | Bazaar   | Bought a scroll of blinking for 60 gold pieces
 30826 | Bazaar   | Bought a scroll of teleportation for 24 gold pieces
 30826 | Bazaar   | Bought a scroll of blinking for 60 gold pieces
 30947 | Shoals:3 | Found the +5 scythe "Finisher" {speed, eviscerate}
 31284 | Shoals:3 | Found Bevethu's Antique Weapon Shoppe.
 31299 | Shoals:3 | Noticed Polyphemus
 31325 | Shoals:3 | Killed Polyphemus
 31442 | Shoals:3 | Found Gas Guh's Antique Armour Shop.
 31493 | Shoals:3 | Found Teahif's Antique Armour Emporium.
 31544 | Shoals:3 | Found a runed translucent door.
 31544 | Shoals:3 | Noticed Glennnyy's ghost (adept GrFi)
 31872 | Shoals:4 | Entered Level 4 of the Shoals
 31898 | Shoals:4 | Received a gift from Okawaru
 31901 | Shoals:4 | Identified the +4 broad axe "Hyma Cigg" {freeze, +Fly rElec
                  | rC-} (Okawaru gifted it to you on level 4 of the Shoals)
 31975 | Shoals:4 | Found Taiqium's Armour Boutique.
 32065 | Shoals:4 | Reached skill level 15 in Fighting
 32199 | Shoals:4 | Got a polished leather armour
 32273 | Shoals:4 | Found the +8 arc blade {discharge, rElec}
 32278 | Shoals:4 | Reached skill level 15 in Armour
 32278 | Shoals:4 | Reached skill level 15 in Shields
 32356 | Shoals:4 | Got a barnacled rune of Zot
 33231 | Vaults:1 | Entered Level 1 of the Vaults
 33328 | Vaults:1 | Received a gift from Okawaru
 33374 | Vaults:1 | Noticed Asterion
 33396 | Vaults:1 | Killed Asterion
 33633 | Vaults:1 | Reached XP level 21. HP: 118/135 MP: 28/28
 34421 | Vaults:1 | Received a gift from Okawaru
 35417 | Vaults:2 | Received a gift from Okawaru
 35624 | Vaults:2 | Found Sagad's General Store.
 35632 | Vaults:2 | Bought a scroll of teleportation for 33 gold pieces
 35632 | Vaults:2 | Bought a potion of resistance for 110 gold pieces
 35632 | Vaults:2 | Bought 2 potions of mutation for 176 gold pieces
 35632 | Vaults:2 | Bought a potion of heal wounds for 55 gold pieces
 36081 | Vaults:3 | Reached XP level 22. HP: 143/143 MP: 29/29
 36311 | Vaults:3 | Found a staircase to the Crypt.
 36311 | Vaults:3 | Found an ancient bone altar of Kikubaaqudgha.
 36312 | Vaults:3 | Found a basalt altar of Yredelemnul.
 37152 | Vaults:4 | Found a magical portal.
 37161 | WizLab   | Entered Zonguldrok's Shrine
 37366 | WizLab   | Noticed an antique lich
 37369 | WizLab   | Found the +9 sword of Zonguldrok {reap}
 37381 | WizLab   | Killed an antique lich
 37381 | WizLab   | Received a gift from Okawaru
 38207 | Vaults:4 | Received a gift from Okawaru
 38279 | Vaults:4 | Reached XP level 23. HP: 110/150 MP: 30/30
 38653 | Vaults:4 | Got a faintly glowing ring mail
 38948 | Vaults:5 | Entered Level 5 of the Vaults
 38951 | Vaults:5 | Noticed a golden dragon
 38970 | Vaults:5 | Received a gift from Okawaru
 38977 | Vaults:5 | Killed a golden dragon
 39300 | Vaults:5 | Gained mutation: Scrolls take you a little longer to read.
                  | [a shining eye]
 39328 | Vaults:5 | Got a pair of encrusted gloves {god gift}
 39918 | Vaults:4 | Identified the +0 pair of gloves "Bewkot" {rPois Dex+3
                  | Stlth-} (Okawaru gifted it to you on level 5 of the Vaults)
 40378 | Shoals:3 | Bought a masterwork plate armour for 896 gold pieces
 40380 | Shoals:3 | Identified the +4 plate armour of Limited Liability {rElec
                  | rPois Dex-5} (You bought it in a shop on level 3 of the
                  | Shoals)
 40411 | Shoals:3 | Bought a heavily runed helmet for 285 gold pieces
 40413 | Shoals:3 | Identified the +2 helmet "Koxtoukh" {Str+6 Int-4} (You
                  | bought it in a shop on level 3 of the Shoals)
 40894 | Vaults:5 | Noticed a golden dragon
 40905 | Vaults:5 | Killed a golden dragon
 40939 | Vaults:5 | Noticed a golden dragon
 40959 | Vaults:5 | Killed a golden dragon
 41164 | Vaults:5 | Reached XP level 24. HP: 159/159 MP: 30/30
 41167 | Vaults:5 | Identified the +0 leather armour of Unozola {Str+5}
 41187 | Vaults:5 | Identified the Disquisition on Weightlessness
 41321 | Vaults:5 | Received a gift from Okawaru
 41388 | Vaults:5 | Got a warped robe
 41546 | Vaults:5 | Identified the amulet of the Worm {Faith MR+}
 41617 | Vaults:5 | Got a silver rune of Zot
 41633 | Vaults:5 | Got the +8 broad axe of Forced Transition {vorpal, Int+2
                  | Stlth+}
 41643 | Vaults:5 | Got a vibrating zirconium amulet
 41964 | Vaults:5 | Received a gift from Okawaru
 42321 | Vaults:5 | Identified the amulet "Eqoxt" {Acrobat rPois Int+4} (You
                  | found it on level 5 of the Vaults)
 42776 | Slime:1  | Entered Level 1 of the Pits of Slime
 42854 | Slime:1  | Gained mutation: Armour fits poorly on your strangely
                  | shaped body. [a shining eye]
 42864 | Slime:1  | Gained mutation: You occasionally shout uncontrollably at
                  | your foes. [a shining eye]
 42866 | Slime:1  | Gained mutation: You are occasionally teleported next to
                  | monsters. [a shining eye]
 42868 | Slime:1  | Gained mutation: You are weak. (Str -2) [a shining eye]
 42870 | Slime:1  | Gained mutation: You are frail. (-10% HP) [a shining eye]
 42885 | Slime:1  | Gained mutation: Scrolls take you longer to read. [a
                  | shining eye]
 42910 | Slime:2  | Received a gift from Okawaru
 42926 | Slime:2  | Got an ancient hat {god gift}
 43095 | Slime:5  | Entered Level 5 of the Pits of Slime
 43099 | Slime:5  | Noticed Dissolution
 43114 | Slime:5  | Killed Dissolution
 43158 | Slime:4  | Reached XP level 25. HP: 75/149 MP: 7/31
 43169 | Slime:4  | Gained mutation: You are very frail. (-20% HP) [a shining
                  | eye]
 43178 | Slime:4  | Gained mutation: Potions are less effective at restoring
                  | your health. [a shining eye]
 43636 | Slime:5  | Noticed the Royal Jelly
 43641 | Slime:5  | Killed the Royal Jelly
 43689 | Slime:5  | Received a gift from Okawaru
 43758 | Slime:5  | Lost mutation: Scrolls take you longer to read. [potion of
                  | mutation]
 43758 | Slime:5  | Lost mutation: You occasionally shout uncontrollably at
                  | your foes. [potion of mutation]
 43758 | Slime:5  | Lost mutation: Scrolls take you a little longer to read.
                  | [potion of mutation]
 43758 | Slime:5  | Lost mutation: Potions are less effective at restoring your
                  | health. [potion of mutation]
 43758 | Slime:5  | Gained mutation: You have large cloven feet. [potion of
                  | mutation]
 43759 | Slime:5  | Lost mutation: You are very frail. (-20% HP) [potion of
                  | mutation]
 43759 | Slime:5  | Gained mutation: You expend magic power (3 MP) to
                  | strengthen your wands. [potion of mutation]
 43759 | Slime:5  | Gained mutation: You are dopey. (Int -2) [potion of
                  | mutation]
 43759 | Slime:5  | Lost mutation: You are dopey. (Int -2) [potion of mutation]
 43759 | Slime:5  | Gained mutation: You have a pair of small horns on your
                  | head. [potion of mutation]
 43760 | Slime:5  | Lost mutation: You have a pair of small horns on your head.
                  | [potion of mutation]
 43760 | Slime:5  | Lost mutation: You expend magic power (3 MP) to strengthen
                  | your wands. [potion of mutation]
 43760 | Slime:5  | Lost mutation: You are weak. (Str -2) [potion of mutation]
 43760 | Slime:5  | Lost mutation: You are occasionally teleported next to
                  | monsters. [potion of mutation]
 43760 | Slime:5  | Gained mutation: Your flesh is heat resistant. (rF+)
                  | [potion of mutation]
 43760 | Slime:5  | Gained mutation: You are surrounded by a mild repulsion
                  | field. (EV +2) [potion of mutation]
 43760 | Slime:5  | Gained mutation: You are partially covered in rugged brown
                  | scales. (AC +1, +3% HP) [potion of mutation]
 43766 | Slime:5  | Identified the Volume of Enhancements and Calling
 43791 | Slime:5  | Got a coiled ivory ring
 43814 | Slime:5  | Identified the +0 hat of the Pits of Slime {MR+ rCorr Dex+4
                  | Slay+2} (Okawaru gifted it to you on level 2 of the Pits of
                  | Slime)
 43823 | Slime:5  | Identified the ring "Ziffumiseu" {rC++ rN+} (You found it
                  | on level 5 of the Pits of Slime)
 43858 | Slime:5  | Got a slimy rune of Zot
 43875 | Slime:5  | Got a spiked cloak
 43878 | Slime:5  | Identified the cursed +0 cloak "Atihimow" {Str-2 Int+5}
                  | (You found it on level 5 of the Pits of Slime)
 44272 | Temple   | Fell from the grace of Okawaru
 44272 | Temple   | Became a worshipper of the Shining One
 44567 | Orc:2    | Bought a dented bone amulet for 160 gold pieces
 44569 | Orc:2    | Lost mutation: You have large cloven feet. [potion of
                  | mutation]
 44569 | Orc:2    | Lost mutation: You are frail. (-10% HP) [potion of
                  | mutation]
 44569 | Orc:2    | Lost mutation: Armour fits poorly on your strangely shaped
                  | body. [potion of mutation]
 44569 | Orc:2    | Lost mutation: Your flesh is heat resistant. (rF+) [potion
                  | of mutation]
 44569 | Orc:2    | Gained mutation: Your flesh is heat resistant. (rF+)
                  | [potion of mutation]
 44569 | Orc:2    | Gained mutation: You expend magic power (3 MP) to
                  | strengthen your wands. [potion of mutation]
 44569 | Orc:2    | Gained mutation: You passively map a small area around you.
                  | [potion of mutation]
 44907 | Crypt:1  | Entered Level 1 of the Crypt
 44909 | Crypt:1  | Found a transporter.
 45017 | Crypt:1  | Reached * piety under the Shining One
 45076 | Crypt:1  | Found a transporter.
 45081 | Crypt:1  | Noticed Ulecsuczon's ghost (veteran MiGl)
 45083 | Crypt:1  | Found a transporter.
 45086 | Crypt:1  | Reached ** piety under the Shining One
 45200 | Crypt:1  | Found a transporter.
 45234 | Crypt:1  | Reached *** piety under the Shining One
 45839 | Crypt:2  | Reached **** piety under the Shining One
 45960 | Crypt:2  | Noticed Khufu
 45960 | Crypt:2  | Noticed a greater mummy
 45985 | Crypt:2  | Killed a greater mummy
 46607 | Crypt:3  | Entered Level 3 of the Crypt
 46611 | Crypt:3  | Reached ***** piety under the Shining One
 46836 | Crypt:3  | Noticed an ancient lich
 46851 | Crypt:3  | Killed an ancient lich
 46852 | Crypt:3  | Reached ****** piety under the Shining One
 46984 | Crypt:3  | Found an ancient bone altar of Kikubaaqudgha.
 47020 | Crypt:3  | Found a staircase to the Tomb.
 47418 | Crypt:3  | Got a jewelled dagger
 47574 | Crypt:3  | Identified the +3 dagger "Hydra's Death Toll" {vorpal,
                  | Fragile rElec rN++ Dex+2} (You found it on level 3 of the
                  | Crypt)
 47581 | Crypt:3  | Identified a +9 broad axe of holy wrath (a +9 broad axe of
                  | freezing blessed by the Shining One)
 47581 | Crypt:3  | Received a gift from the Shining One
 47846 | Depths:1 | Entered Level 1 of the Depths
 47846 | Depths:1 | Noticed Sojobo
 47854 | Depths:1 | Reached XP level 26. HP: 176/179 MP: 28/33
 47860 | Depths:1 | Killed Sojobo
 47894 | Depths:1 | Reached skill level 15 in Invocations
 47924 | Depths:1 | Found a gateway to a bazaar.
 47941 | Bazaar   | Entered a bazaar
 47941 | Bazaar   | Found Errik's Distillery.
 47941 | Bazaar   | Found Nyivutil's Assorted Antiques.
 47941 | Bazaar   | Found Vuucanwi's Magic Scroll Emporium.
 47941 | Bazaar   | Found Gouqiw's Armour Shoppe.
 47951 | Bazaar   | Bought a scroll of teleportation for 27 gold pieces
 47951 | Bazaar   | Bought a scroll of holy word for 67 gold pieces
 47951 | Bazaar   | Bought a scroll of fear for 31 gold pieces
 47951 | Bazaar   | Bought a scroll of enchant armour for 67 gold pieces
 47951 | Bazaar   | Bought a scroll of teleportation for 27 gold pieces
 47951 | Bazaar   | Bought a scroll of identify for 18 gold pieces
 47951 | Bazaar   | Bought a scroll of identify for 18 gold pieces
 47951 | Bazaar   | Bought a scroll of identify for 18 gold pieces
 47960 | Bazaar   | Bought a potion of lignification for 51 gold pieces
 47960 | Bazaar   | Bought a potion of curing for 51 gold pieces
 47960 | Bazaar   | Bought a potion of curing for 51 gold pieces
 47960 | Bazaar   | Bought a scroll of teleportation for 51 gold pieces
 47970 | Bazaar   | Bought a potion of curing for 18 gold pieces
 47970 | Bazaar   | Bought a potion of curing for 18 gold pieces
 47970 | Bazaar   | Bought a potion of curing for 18 gold pieces
 47970 | Bazaar   | Bought 2 potions of heal wounds for 60 gold pieces
 47970 | Bazaar   | Bought a potion of curing for 18 gold pieces
 47970 | Bazaar   | Bought a potion of might for 24 gold pieces
 47970 | Bazaar   | Bought a potion of ambrosia for 48 gold pieces
 48342 | Depths:1 | Found a gateway to Hell.
 48455 | Depths:1 | Found a gateway to a ziggurat.
 48491 | Depths:1 | Noticed Mara
 48501 | Depths:1 | Noticed sentinel's illusion
 48523 | Depths:1 | Killed Mara
 48923 | Hell     | Entered the Vestibule of Hell
 48923 | Hell     | Noticed Geryon
 49007 | Hell     | Killed Geryon
 49074 | Hell     | Found a gateway to the freezing wastes of Cocytus.
 49184 | Hell     | Found a gateway to the decaying netherworld of Tartarus.
 49248 | Hell     | Found a gateway to the ashen valley of Gehenna.
 49333 | Hell     | Found a gateway to the Iron City of Dis.
 49510 | Tar:1    | Entered Level 1 of Tartarus
 49510 | Tar:1    | Found a gateway to Hell.
 49661 | Tar:2    | Found a gateway to Hell.
 50330 | Tar:2    | Found a gateway to Hell.
 50370 | Tar:2    | Reached XP level 27. HP: 187/187 MP: 35/35
 50672 | Tar:2    | Found a gateway to Hell.
 50711 | Tar:3    | Found a gateway to Hell.
 50726 | Tar:3    | Found a gateway to Hell.
 50757 | Tar:3    | Found a gateway to Hell.
 50816 | Tar:4    | Found a gateway to Hell.
 50868 | Tar:4    | Found a gateway to Hell.
 50928 | Tar:4    | Found a gateway to Hell.
 50940 | Tar:5    | Found a gateway to Hell.
 50940 | Tar:5    | Found a gateway to Hell.
 51022 | Tar:6    | Found a gateway to Hell.
 51108 | Tar:6    | You fall into a shaft and drop 1 floor!
 51108 | Tar:7    | Entered Level 7 of Tartarus
 51616 | Tar:7    | Was forgiven by Okawaru
 51716 | Tar:7    | Lost mutation: You expend magic power (3 MP) to strengthen
                  | your wands. [a neqoxec]
 51729 | Tar:7    | Noticed Ereshkigal
 51737 | Tar:7    | Killed Ereshkigal
 51757 | Tar:7    | Found the +7 pair of quick blades "Gyre" and "Gimble"
                  | {protect}
 51757 | Tar:7    | Identified the Catalogue of Supportive Displacement
 51761 | Tar:7    | Identified Dabriabu's Almanac of the Escort
 51767 | Tar:7    | Got a bone rune of Zot
 51869 | Tar:7    | Gained mutation: You are clumsy. (Dex -2) [a neqoxec]
 51879 | Tar:7    | Found a gateway to Hell.
 52065 | Geh:1    | Entered Level 1 of Gehenna
 52065 | Geh:1    | Found a gateway to Hell.
 52211 | Geh:1    | You are sucked into a shaft and drop 1 floor!
 52335 | Geh:2    | Found a gateway to Hell.
 52382 | Geh:3    | Found a gateway to Hell.
 52390 | Geh:4    | Found a gateway to Hell.
 52652 | Geh:5    | Found a gateway to Hell.
 52722 | Geh:5    | Found a gateway to Hell.
 52767 | Geh:5    | Found a gateway to Hell.
 52851 | Geh:6    | Found a gateway to Hell.
 52851 | Geh:6    | Found a gateway to Hell.
 52860 | Geh:7    | Entered Level 7 of Gehenna
 54099 | Geh:7    | Found a gateway to Hell.
 54527 | Geh:7    | Found a gateway to Hell.
 54534 | Geh:7    | Found a gateway to Hell.
 54931 | Geh:7    | Identified the +3 tower shield "Yhad Des" {Str+6 Int+5}
 54954 | Geh:7    | Identified the +7 sceptre of Asmodeus
 54954 | Geh:7    | Noticed Asmodeus
 54973 | Geh:7    | Killed Asmodeus
 54984 | Geh:7    | Got an obsidian rune of Zot
 55042 | Dis:1    | Entered Level 1 of the Iron City of Dis
 55042 | Dis:1    | Found a gateway to Hell.
 55322 | Dis:2    | Found a gateway to Hell.
 55457 | Dis:2    | Found a gateway to Hell.
 55490 | Dis:2    | You are sucked into a shaft and drop 1 floor!
 55528 | Dis:3    | Found a gateway to Hell.
 55630 | Dis:3    | Found a gateway to Hell.
 55651 | Dis:3    | Found a gateway to Hell.
 55903 | Dis:4    | Found a gateway to Hell.
 55906 | Dis:4    | Found a gateway to Hell.
 56102 | Dis:5    | Found a gateway to Hell.
 56111 | Dis:5    | You are sucked into a shaft and drop 1 floor!
 56139 | Dis:7    | Entered Level 7 of the Iron City of Dis
 56139 | Dis:7    | Found a gateway to Hell.
 56139 | Dis:7    | Found a gateway to Hell.
 56139 | Dis:7    | Found a gateway to Hell.
 56288 | Dis:7    | Gained mutation: You tend to lose your temper in combat. [a
                  | cacodemon]
 56457 | Dis:7    | Identified the +4 staff of Dispater
 56457 | Dis:7    | Noticed Dispater
 56475 | Dis:7    | Killed Dispater
 56490 | Dis:7    | Got a pitted ruby amulet
 56497 | Dis:7    | Got an iron rune of Zot
 56550 | Coc:1    | Entered Level 1 of Cocytus
 56550 | Coc:1    | Found a gateway to Hell.
 56578 | Coc:1    | Identified the amulet "Jengelua" {Acrobat MR- Str+7 Int+4}
                  | (You found it on level 7 of the Iron City of Dis)
 56704 | Coc:2    | Found a gateway to Hell.
 56704 | Coc:2    | Found a gateway to Hell.
 56934 | Coc:3    | Found a gateway to Hell.
 56977 | Coc:3    | Lost mutation: You tend to lose your temper in combat.
                  | [potion of mutation]
 56977 | Coc:3    | Lost mutation: You are clumsy. (Dex -2) [potion of
                  | mutation]
 56977 | Coc:3    | Lost mutation: Your flesh is heat resistant. (rF+) [potion
                  | of mutation]
 56977 | Coc:3    | Lost mutation: You are surrounded by a mild repulsion
                  | field. (EV +2) [potion of mutation]
 56977 | Coc:3    | Gained mutation: You are weak. (Str -2) [potion of
                  | mutation]
 56977 | Coc:3    | Gained mutation: You are agile. (Dex +2) [potion of
                  | mutation]
 57012 | Coc:3    | Found a gateway to Hell.
 57115 | Coc:3    | Found a gateway to Hell.
 57177 | Coc:4    | Found a gateway to Hell.
 57302 | Coc:4    | Found a gateway to Hell.
 57811 | Coc:5    | Found a gateway to Hell.
 57969 | Coc:5    | Found a gateway to Hell.
 58036 | Coc:6    | Found a gateway to Hell.
 58036 | Coc:6    | Found a gateway to Hell.
 58156 | Coc:7    | Entered Level 7 of Cocytus
 58156 | Coc:7    | Found a gateway to Hell.
 58156 | Coc:7    | Found a gateway to Hell.
 58156 | Coc:7    | Found a gateway to Hell.
 58431 | Coc:7    | Reached skill level 27 in Invocations
 58468 | Coc:7    | Noticed Antaeus
 58494 | Coc:7    | Killed Antaeus
 58539 | Coc:7    | Got an icy rune of Zot
 58931 | Depths:3 | Found a one-way gate leading to the halls of Pandemonium.
 58979 | Depths:3 | Found a runed translucent door.
 59013 | Depths:3 | Found Uleics's Food Boutique.
 59078 | Pan      | Entered Pandemonium
 59125 | Pan      | Got a dazzling spear
 59157 | Pan      | Identified the +5 spear "Limeshocw" {vamp, rF+} (You found
                  | it in Pandemonium)
 59266 | Pan      | Identified the +4 robe of Awe {+Blink rF+ MR+ Regen+}
 59300 | Pan      | Identified the Disquisition on Captivating Earth
 59442 | Pan      | Noticed Causiel the pandemonium lord
 59456 | Pan      | Killed Causiel the pandemonium lord
 59482 | Pan      | Got an ancient ring mail
 59499 | Pan      | Reached skill level 15 in Dodging
 59746 | Pan      | Entered the realm of Lom Lobon.
 59865 | Pan      | Noticed Lom Lobon
 59908 | Pan      | Got a magical rune of Zot
 60181 | Pan      | Noticed Urcheczoch the pandemonium lord
 60224 | Pan      | Got a demonic rune of Zot
 60295 | Pan      | Noticed Jitey the pandemonium lord
 60300 | Pan      | Killed Jitey the pandemonium lord
 60300 | Pan      | Reached skill level 27 in Fighting
 60371 | Pan      | Noticed Lom Lobon
 60516 | Pan      | Got the amulet "Juyteunu" {Regen+ Str+2}
 60536 | Depths:3 | Escaped Pandemonium
 60538 | Pan      | Entered Pandemonium
 60772 | Pan      | Entered the realm of Mnoleg.
 60835 | Pan      | Gained mutation: Armour fits poorly on your strangely
                  | shaped body. [a neqoxec]
 60838 | Pan      | Gained mutation: You do not regenerate when monsters are
                  | visible. [a neqoxec]
 60913 | Pan      | Gained mutation: You tend to lose your temper in combat. [a
                  | cacodemon]
 60918 | Pan      | Noticed Mnoleg
 60940 | Pan      | Gained mutation: You are very weak. (Str -4) [Mnoleg's
                  | mutagenic touch]
 60941 | Pan      | Killed Mnoleg
 60956 | Pan      | Got a glowing rune of Zot
 61061 | Pan      | Noticed Ignacio
 61077 | Pan      | Killed Ignacio
 61100 | Pan      | Lost mutation: Armour fits poorly on your strangely shaped
                  | body. [a cacodemon]
 61201 | Pan      | Reached skill level 15 in Evocations
 61257 | Pan      | Found an exit through the horrors of the Abyss.
 61299 | Pan      | Noticed Lom Lobon
 61306 | Pan      | Identified the cursed +0 leather armour "Xuewk" {rN+ Int+2}
 61430 | Pan      | Entered the realm of Cerebov.
 61633 | Pan      | Noticed Lom Lobon
 61695 | Pan      | Identified the +4 flail "Icitigg" {pain, MR+ Str+3 Int+2
                  | Dex+3}
 61734 | Pan      | Killed Lom Lobon
 61791 | Pan      | Identified the +6 sword of Cerebov {flame}
 61791 | Pan      | Noticed Cerebov
 61792 | Pan      | Identified the +4 halberd "Fityteg" {venom, rF+ rN++ Str+4
                  | Dex-3}
 61792 | Pan      | Identified the ring of Xom's Ringing Laughter {rC+ MR+ AC+4
                  | Str+5 Dex-2}
 61792 | Pan      | Identified the +0 tower shield "Sivexzum" {Slay+3}
 61805 | Pan      | Identified the ring "Taimuyz" {+Fly Dex+5}
 61808 | Pan      | Killed Cerebov
 61858 | Pan      | Got a fiery rune of Zot
 61887 | Pan      | Entered the realm of Gloorx Vloq.
 62418 | Pan      | Noticed Gloorx Vloq
 62432 | Pan      | Killed Gloorx Vloq
 62475 | Pan      | Got a dark rune of Zot
 63175 | Pan      | Found an exit through the horrors of the Abyss.
 63191 | Pan      | Took an exit into the Abyss.
 63191 | Abyss:1  | Escaped into the Abyss
 63313 | Abyss:2  | Gained mutation: You are frail. (-10% HP) [a shining eye]
 63320 | Abyss:2  | Paralysed by a floating eye for 3 turns
 63831 | Abyss:4  | Got an abyssal rune of Zot
 63935 | Depths:3 | Escaped the Abyss
 63972 | Depths:3 | Found Esuh's Antique Armour Boutique.
 63972 | Depths:3 | Found Ydianodakk's Jewellery Shop.
 63978 | Depths:3 | Found Toul's Distillery.
 64002 | Depths:3 | Bought a potion of haste for 180 gold pieces
 64002 | Depths:3 | Bought a potion of heal wounds for 90 gold pieces
 64088 | Depths:4 | Got a brightly glowing flail
 64342 | Depths:4 | Lost mutation: You tend to lose your temper in combat.
                  | [potion of mutation]
 64342 | Depths:4 | Gained mutation: Your mind is acute. (Int +2) [potion of
                  | mutation]
 64342 | Depths:4 | Lost mutation: You are agile. (Dex +2) [potion of mutation]
 64342 | Depths:4 | Gained mutation: You are partially covered in molten
                  | scales. (AC +2) [potion of mutation]
 64343 | Depths:4 | Lost mutation: You are frail. (-10% HP) [potion of
                  | mutation]
 64343 | Depths:4 | Lost mutation: You do not regenerate when monsters are
                  | visible. [potion of mutation]
 64343 | Depths:4 | Lost mutation: Your mind is acute. (Int +2) [potion of
                  | mutation]
 64343 | Depths:4 | Gained mutation: You passively map the area around you.
                  | [potion of mutation]
 64458 | Depths:4 | Identified Seeth's Catalogue of Congealing Intoxication
 64495 | Depths:4 | Found a one-way gate to the infinite horrors of the Abyss.
 64915 | Depths:4 | Noticed an ancient lich
 64924 | Depths:4 | Killed an ancient lich
 65139 | Depths:5 | Entered Level 5 of the Depths
 65382 | Depths:5 | Found Veovo's Pet Rocks.
 65899 | Depths:5 | Found a gate to the Realm of Zot.
 66510 | Tomb:1   | Entered Level 1 of the Tomb of the Ancients
 67071 | Tomb:1   | Noticed a greater mummy
 67071 | Tomb:1   | Noticed a greater mummy
 67073 | Tomb:1   | Noticed a greater mummy
 67075 | Tomb:1   | Noticed a greater mummy
 67082 | Tomb:1   | Killed a greater mummy
 67089 | Tomb:1   | Killed a greater mummy
 67091 | Tomb:1   | Killed a greater mummy
 67093 | Tomb:1   | Killed a greater mummy
 67494 | Tomb:1   | Noticed a greater mummy
 67495 | Tomb:1   | Noticed a greater mummy
 67495 | Tomb:1   | Noticed a greater mummy
 67495 | Tomb:1   | Noticed a greater mummy
 67504 | Tomb:1   | Killed a greater mummy
 67510 | Tomb:1   | Killed a greater mummy
 67512 | Tomb:1   | Killed a greater mummy
 67513 | Tomb:1   | Killed a greater mummy
 67514 | Tomb:1   | Noticed a greater mummy
 67516 | Tomb:1   | Noticed a greater mummy
 67517 | Tomb:1   | Noticed a greater mummy
 67520 | Tomb:1   | Killed a greater mummy
 67520 | Tomb:1   | Noticed a greater mummy
 67524 | Tomb:1   | Killed a greater mummy
 67524 | Tomb:1   | Noticed a greater mummy
 67527 | Tomb:1   | Killed a greater mummy
 67538 | Tomb:1   | Killed a greater mummy
 67566 | Tomb:1   | Killed a greater mummy
 67846 | Tomb:2   | Noticed a greater mummy
 67846 | Tomb:2   | Noticed a greater mummy
 67893 | Tomb:2   | Noticed a greater mummy
 67902 | Tomb:2   | Noticed a greater mummy
 67921 | Tomb:2   | Killed a greater mummy
 67933 | Tomb:2   | Killed a greater mummy
 67960 | Tomb:2   | Killed a greater mummy
 67964 | Tomb:2   | Killed a greater mummy
 68980 | Tomb:3   | Entered Level 3 of the Tomb of the Ancients
 68987 | Tomb:3   | Noticed an ancient lich
 68993 | Tomb:3   | Killed an ancient lich
 68993 | Tomb:3   | Noticed a greater mummy
 68998 | Tomb:3   | Noticed a greater mummy
 68998 | Tomb:3   | Noticed a greater mummy
 69004 | Tomb:3   | Noticed a greater mummy
 69010 | Tomb:3   | Killed a greater mummy
 69022 | Tomb:3   | Killed a greater mummy
 69033 | Tomb:3   | Noticed a greater mummy
 69033 | Tomb:3   | Killed a greater mummy
 69042 | Tomb:3   | Killed a greater mummy
 69058 | Tomb:3   | Got a golden rune of Zot
 69819 | Zot:1    | Entered Level 1 of the Realm of Zot
 69904 | Zot:3    | Noticed an ancient lich
 69925 | Zot:3    | Killed an ancient lich
 69976 | Zot:3    | Got the ring "Cuaded" {Fire +Blink rElec MP+9 Int+4}
 70346 | Zot:5    | Entered Level 5 of the Realm of Zot
 70403 | Zot:5    | Noticed an ancient lich
 70415 | Zot:5    | Noticed an orb of fire
 70419 | Zot:5    | Killed an ancient lich
 70420 | Zot:5    | Gained mutation: You are dopey. (Int -2) [an orb of fire]
 70422 | Zot:5    | Noticed an ancient lich
 70422 | Zot:5    | Gained mutation: You are frail. (-10% HP) [an orb of fire]
 70427 | Zot:5    | Killed an orb of fire
 70431 | Zot:5    | Killed an ancient lich
 70432 | Zot:5    | Noticed an ancient lich
 70435 | Zot:5    | Killed an ancient lich
 70436 | Zot:5    | Noticed an ancient lich
 70450 | Zot:5    | Killed an ancient lich
 70497 | Zot:5    | Got the Orb of Zot
 70830 | D:12     | Gained mutation: Your spells are a little easier to cast,
                  | but a little less powerful. [a cacodemon]
 71104 | D:$      | Escaped with the Orb!

Illustrated notes

Levels and vault maps discovered:
D:1:      dpeg_arrival_arbitrary_b, layout_loops_ring
D:2:      layout_basic, first_ration, cheibriados_altar_1, uniq_sigmund
D:3:      layout_rooms, chequers_ecumenical_altar_island,
          corexii_leaking_fountain, kennysheep_boxes
D:4:      gammafunk_steamed_eel, layout_loops_cross, lemuel_round_altar,
          minmay_temple_entry_statues_pillars, minmay_misc_feat_encased,
          uniq_edmund
D:5:      layout_basic, kiku_gazebo_garden_becter
D:6:      layout_basic, columned_hall_lemuel, uniq_maggie, uniq_pikel
D:7:      layout_basic, the_bakery
D:8:      layout_loops_corners, nicolae_overflow_crystal_walls,
          yredelemnul_forgotten_temple_becter, makhleb_grotto_becter,
          lair_entry_dummy, nicolae_ru_great_annihilating_truth
D:9:      layout_small_grid, overflow_temple_1_default
D:10:     layout_loops_ring, orc_0_dummy, uniq_joseph
D:11:     layout_basic
D:12:     layout_irregular_city, serial_shops, kennysheep_little_box, shop
D:13:     minmay_the_grid_square_5x5_5x5 [minmay_the_grid_square_5x5_misaligned,
          minmay_the_grid_square_5x5_plus,
          minmay_the_grid_square_5x5_fancy_junction,
          minmay_the_grid_square_5x5_corner, minmay_the_grid_square_5x5_v,
          minmay_the_grid_square_5x5_forky,
          minmay_the_grid_square_5x5_prize_snowflake,
          minmay_the_grid_square_5x5_tie,
          minmay_the_grid_square_5x5_prize_monsterx,
          minmay_the_grid_square_5x5_meh, minmay_the_grid_square_5x5_n,
          minmay_the_grid_square_5x5_checkered,
          minmay_the_grid_square_5x5_prize_itemx,
          minmay_the_grid_square_5x5_one_wall,
          minmay_the_grid_square_5x5_three_small,
          minmay_the_grid_square_5x5_tetrominoes,
          minmay_the_grid_square_5x5_prize_waves,
          minmay_the_grid_square_5x5_bracketed,
          minmay_the_grid_square_5x5_prize_junk,
          minmay_the_grid_square_5x5_tri_point,
          minmay_the_grid_square_5x5_six_small,
          minmay_the_grid_square_5x5_fat_x, minmay_the_grid_square_5x5_six,
          minmay_the_grid_square_5x5_doubleslash,
          minmay_the_grid_square_5x5_spiral_small], layout_gridville,
          hangedman_vaults_entry_quadrant_bands, special_room
          [special_room_bee], billiards_dpeg
D:14:     layout_cave_pools, chequers_serial_rivers_small_a, special_room
          [special_room_orc], uniq_jorgrun, uniq_kirke
D:15:     gammafunk_enter_depths_forms, layout_rooms, uniq_azrael, uniq_roxanne
Temple:   eino_temple_scatter_basement
Lair:1:   minmay_lair_venomous_thicket, layout_chaotic_city,
          chequers_serial_rivers_micro_a, chequers_serial_rivers_small_b
Lair:2:   layout_gridlike, minivault_27, serial_bayou_pond_a
Lair:3:   layout_misc_corridors, elwin_shoals_entry_rocks, serial_bayou_shore_b
Lair:4:   layout_cave_shapes, nicolae_spider_entry_orb_guardian,
          grunt_megastairs_2
Lair:5:   onia_ninara_swampy_vault, layout_loops_ring, gauntlet_entry_generic
Lair:6:   grunt_lair_end_beastmaster, layout_hall_layers, slime_dummy,
          lemuel_fruit_fields
Shoals:1: layout_shoals, serial_shops, shop_statue,
          nicolae_shop_overgrown_old_shop, shop, nicolae_shop_waterfront
Shoals:2: layout_shoals, abandoned_shop, overgrown_statue, uniq_frances,
          uniq_ilsuiw
Shoals:3: layout_shoals, gammafunk_ghost_grave, serial_shops, bzr_entry_islet,
          nicolae_shop_statue_plus, nicolae_shop_stone, nicolae_shop_crystal,
          st_sunken_huts, uniq_polyphemus
Shoals:4: shoals_end_simple, layout_shoals, serial_shops, shop
Spider:1: layout_spider_delve
Spider:2: layout_spider_delve, portal_ice_cave_entry_pillars_1, minivault_29
Spider:3: layout_spider_delve, drop_trap
Spider:4: johnstein_spider_rune_arachne_lair
Slime:1:  layout_caves
Slime:2:  layout_caves
Slime:3:  layout_caves
Slime:4:  layout_caves
Slime:5:  uniq_dissolution
Orc:1:    layout_caves, uniq_gastronok, uniq_erica
Orc:2:    grunt_orc_tribal_feast, layout_diamond_mine,
          nicolae_volcano_entry_vermiform, nicolae_orc_lava_room
Vaults:1: v_pattern_1, vaults_room_hallway, v_misc_24, st_spiral_rooms,
          v_misc_11, v_misc_25, layout_vaults_quadrants, uniq_asterion
Vaults:2: nicolae_vaults_hallways_thing, grunt_vaults_hallway_long,
          ontoclasm_vaults_twist, v_pattern_3, vaults_mumra_chevron_long,
          nicolae_vaults_know_your_exits, vaults_room_corners, v_misc_29,
          v_alt_pattern_3, v_rooms_1, v_misc_23, nicolae_vaults_shelves_hall,
          layout_vaults_maze_bifur, serial_shops, nicolae_shop_behind_doors
Vaults:3: grunt_vaults_hallway_long, minmay_crypt_entry_necro_gods,
          nicolae_vaults_network_barrier, ontoclasm_vaults_shout,
          ontoclasm_vaults_chip, ontoclasm_vaults_shuriken,
          ontoclasm_vaults_eye, ontoclasm_vaults_gateway,
          nicolae_vaults_triangles, hangedman_vaults_river_flow,
          grunt_vaults_twisty, grunt_vaults_diagonal, nicolae_vaults_theta,
          vaults_dpeg_ring, layout_vaults_ring
Vaults:4: dpeg_vaults_pockets_of_resistance, ontoclasm_vaults_ring_square,
          v_rooms_3, hangedman_vaults_hat, vaults_mumra_minichess_inversion,
          grunt_vaults_funnel, vaults_mumra_hex, vaults_room_grid,
          v_alt_pattern_1, vaults_room_pools, grunt_vaults_hallway_short,
          layout_vaults_big_cross, mu_enter_wizlab_6
Vaults:5
Crypt:1:  gammafunk_sealed_arena, layout_chaotic_city, gammafunk_ghost_mausoleum
Crypt:2:  layout_misc_corridors, lemuel_elevator, uniq_margery, uniq_khufu
Crypt:3:  cryptofortress_bobbens
Tomb:1
Tomb:2
Tomb:3
Depths:1: layout_big_octagon, enter_ziggurat_c, hangedman_tar_grid_catacomb,
          serial_shops, bzr_entry_lakeside, minmay_misc_feat_square,
          kennysheep_generic_room_16, uniq_mara, uniq_sojobo
Depths:2: grunt_deathspiral_small, layout_gridlike, serial_shops,
          nicolae_shop_stone, grunt_mini_vestibule, minmay_staircase_bubble
Depths:3: minmay_gate_of_8, layout_cave_pools,
          nemelex_xobeh_ov_fountains_minmay, pan_entry,
          grunt_hell_entry_dis_grunt, nrook_uturn, lightli_corner_chamber,
          minmay_shoptagon
Depths:4: hangedman_crystal_crosses_colossus [crystal_crosses_arms_four,
          crystal_crosses_arms_two, crystal_crosses_arms_two,
          crystal_crosses_arms_one], abyss_entry, serial_shops, hell_entry
Depths:5: grunt_zot_entry_alcove, layout_cave_pools, hellmouth_1,
          minmay_misc_feat_secret_circle, guppyfry_shop_earth
Hell
Dis:1:    hangedman_iron_city_apartments, layout_subdivisions
Dis:2:    layout_regular_city
Dis:3:    layout_chaotic_city, grunt_megastairs_3
Dis:4:    layout_chaotic_city
Dis:5:    layout_chaotic_city
Dis:6:    layout_chaotic_city
Dis:7:    dis_hangedman
Geh:1:    layout_gehenna_pools_basic
Geh:2:    layout_gehenna_pools_box
Geh:3:    layout_gehenna_pools_box
Geh:4:    layout_gehenna_lava_caves
Geh:5:    layout_gehenna_pools_box
Geh:6:    layout_gehenna_lava_caves
Geh:7:    geh_old
Coc:1:    layout_cocytus_water_paths
Coc:2:    layout_ice_bergs
Coc:3:    layout_cocytus_water_paths
Coc:4:    layout_ice_bergs
Coc:5:    layout_ice_bergs
Coc:6:    layout_ice_bergs
Coc:7:    coc_grunt_cove [coc_grunt_cove_antaeus, coc_grunt_cove_fiend,
          coc_grunt_cove_fiend, coc_grunt_cove_fiend, coc_grunt_cove_fiend]
Tar:1:    layout_grid_maze, lemuel_nasty_fountain
Tar:2:    layout_honeycomb
Tar:3:    layout_honeycomb, nicolae_tar_cuneiform_oil
Tar:4:    layout_grid_maze
Tar:5:    layout_grid_maze, nicolae_tar_cuneiform_water
Tar:6:    layout_cathedral_of_symmetry
Tar:7:    tar_minmay_river
Zot:1:    layout_concentric_octagons
Zot:2:    layout_basic, st_stairs_7, amethyst_zot_foddershock
Zot:3:    ebering_klown_carousel, layout_gridlike, st_large_dragon_hoard_2
Zot:4:    layout_basic
Zot:5:    layout_basic

Skill      XL: |  1  2  3  4  5  6  7  8  9 10 11 12 13 14 15 16 17 18 19 20 21 22 23 24 25 26 27 |
---------------+----------------------------------------------------------------------------------+-----
Axes           | 2 3 4 5 6 8 9 10 11 12 13 14 15 16 17 18 | 18.0
Fighting       | 4 5 6 7 8 9 10 11 12 13 14 15 16 17 18 19 20 21 27 | 27.0
Armour         | 4 5 6 7 8 9 10 11 12 13 14 15 16 17 18 19 25 | 25.4
Shields        | 4 5 6 7 8 9 10 11 12 13 14 15 16 17 18 19 20 21 22 | 22.0
Invocations    | 2 4 5 7 8 9 10 11 14 17 27 | 27.0
Dodging        | 1 3 4 5 6 7 8 9 10 11 12 13 14 20 | 20.0
Evocations     | 3 4 5 7 8 9 10 23 | 23.3

Action                   |  1- 3 |  4- 6 |  7- 9 | 10-12 | 13-15 | 16-18 | 19-21 | 22-24 | 25-27 || total
-------------------------+-------+-------+-------+-------+-------+-------+-------+-------+-------++-------
Melee: War axe           |    88 |   164 |   338 |   769 |  1150 |  1592 |       |       |       ||  4101
       Broad axe         |       |       |       |       |       |    58 |  1099 |  1163 |  5578 ||  7898
Throw: Dart              |       |       |       |       |       |       |     2 |       |     1 ||     3
       Throwing net      |       |       |       |       |       |       |       |     1 |       ||     1
Invok: Heroism           |       |       |       |    18 |    19 |    29 |    27 |    17 |     3 ||   113
       Finesse           |       |       |       |       |     2 |     7 |     4 |     6 |     2 ||    21
       Cleansing Flame   |       |       |       |       |       |       |       |       |    87 ||    87
       Brand Weapon With |       |       |       |       |       |       |       |       |     1 ||     1
       Divine Shield     |       |       |       |       |       |       |       |       |     3 ||     3
       Summon Divine War |       |       |       |       |       |       |       |       |    28 ||    28
 Abil: Fly               |       |       |       |       |     1 |       |       |       |     1 ||     2
       Evoke Invisibilit |       |       |       |       |       |     8 |       |       |       ||     8
       Stop Flying       |       |       |       |       |       |       |       |     1 |       ||     1
Evoke: Tin of tremorston |       |       |       |     3 |     3 |    11 |     2 |     3 |     5 ||    27
       Wand              |       |       |       |     2 |     4 |     1 |     1 |     1 |    24 ||    33
       Phial of floods   |       |       |       |       |     1 |       |       |       |     1 ||     2
       Lightning rod     |       |       |       |       |     1 |       |       |       |       ||     1
  Use: Potion            |     1 |       |       |     4 |     8 |     2 |       |     2 |    32 ||    49
       Scroll            |       |       |    10 |    16 |    11 |    22 |     5 |    12 |    62 ||   138
 Stab: Distracted        |       |       |       |       |     1 |       |       |       |       ||     1
       Invisible         |       |       |       |       |       |    64 |       |       |       ||    64
       Petrified         |       |       |       |       |       |       |     2 |       |       ||     2
       Petrifying        |       |       |       |       |       |       |     1 |       |       ||     1
  Eat: Chunk             |       |     5 |     8 |    18 |    22 |    18 |    24 |    14 |    26 ||   135
       Ration            |       |       |     1 |     1 |     2 |     5 |       |     3 |    26 ||    38
Armor: Scale mail        |    72 |    86 |   129 |       |       |       |       |       |       ||   287
       Swamp dragon scal |       |       |    65 |   246 |       |       |       |       |       ||   311
       Plate armour      |       |       |       |   118 |   268 |   696 |   353 |   408 |  1844 ||  3687
       Chain mail        |       |       |       |       |   522 |    77 |       |       |       ||   599
Dodge: Dodged            |    48 |    47 |    99 |   194 |   522 |   704 |   352 |   276 |  2079 ||  4321
Block: Kite shield       |    51 |    94 |   188 |   381 |   886 |  1078 |   742 |   311 |       ||  3731
       Reflection        |       |       |       |       |       |     2 |    75 |    39 |       ||   116
       Tower shield      |       |       |       |       |       |       |       |   461 |  5590 ||  6051
